 Dungeon Crawl Stone Soup version 0.13.0-6-g40e4d2d (webtiles) character file.

337 obsidien the Covered (level 5, 0/42 HPs)
             Began as a Demonspawn Fighter on Oct 14, 2013.
             Succumbed to Sigmund's poison
             ... on Level 3 of the Dungeon.
             The game lasted 00:32:08 (4925 turns).

obsidien the Covered (Demonspawn Fighter)           Turns: 4925, Time: 00:32:08

HP   0/42        AC 10     Str 17      XL: 5   Next: 68%
MP   3/4         EV  4     Int 10      God:
Gold 112         SH 18     Dex 12      Spells:  0 memorised,  4 levels left

Res.Fire  : . . .   See Invis. : .   u - +1,+0 scimitar
Res.Cold  : . . .   Warding    : .   y - +0 orc chain mail
Life Prot.: . . .   Conserve   : .   c - +0 shield
Res.Poison: .       Res.Corr.  : .   (helmet restricted)
Res.Elec. : .       Clarity    : .   (no cloak)
Sust.Abil.: . .     Spirit.Shd : +   (no gloves)
Res.Mut.  : .       Stasis     : .   q - +0 pair of orc boots
Res.Rott. : .       Flight     : .   t - amulet of guardian spirit
Saprovore : . . .                    (no ring)
                                     (no ring)

@: mildly poisoned, slightly resistant to hostile enchantments, extremely
unstealthy
A: horns 1, conserve scrolls, magic shield
a: no special abilities


You were on level 3 of the Dungeon.
You were not hungry.

You visited 1 branch of the dungeon, and saw 3 of its levels.

You collected 92 gold pieces.

Inventory:

Hand weapons
 a - a +0,+0 falchion
 g - a +0,+0 sling
 l - a +0,+1 orcish hand axe
 p - a +0,+0 dagger
 u - a +1,+0 scimitar (weapon)
 x - a +0,+0 club
 z - a +1,+0 vampiric dagger
Missiles
 e - 7 needles of paralysis
 f - 22 sling bullets
 i - 16 bolts
 j - 16 arrows
 k - 15 stones (quivered)
 s - an exploding dart
Armour
 c - a +0 shield (worn)
 m - a +0 elven leather armour
 q - a +0 pair of orcish boots (worn)
 y - a +0 orcish chain mail (worn)
Magical devices
 d - a wand of magic darts (0)
Comestibles
 w - a beef jerky
 A - a chunk of adder flesh
 B - a chunk of orc flesh
Scrolls
 b - 2 scrolls of remove curse
 n - a scroll of identify
 o - 2 scrolls of teleportation
Jewellery
 t - an amulet of guardian spirit (around neck)


   Skills:
 + Level 3.4 Fighting
 + Level 2.2 Long Blades
 + Level 2.1 Throwing
 + Level 3.5 Armour
 + Level 2.1 Dodging
 + Level 0.4 Stealth
 + Level 3.3 Shields


You had 4 spell levels left.
You didn't know any spells.

Dungeon Overview and Level Annotations

Branches:
Dungeon (3/27)

Altars:

Annotations:
D:3 Sigmund


Innate Abilities, Weirdness & Mutations

You have a pair of small horns on your head.
You are very good at protecting items from fire.
When hurt, damage is shared between your health and your magic reserves.


Message History

You feel a little better.
There is an open door here.
Things that are here:
a falchion; a robe; an orcish club
* * * LOW HITPOINT WARNING * * *
You feel sick.
Things that are here:
an orcish trident; an orc skeleton
* * * LOW HITPOINT WARNING * * *
You feel sick.
You feel a little better. The magic dart hits you!
* * * LOW HITPOINT WARNING * * *
You feel sick.
* * * LOW HITPOINT WARNING * * *
You feel sick.
* * * LOW HITPOINT WARNING * * *
You feel sick. The puff of flame hits you!
* * * LOW HITPOINT WARNING * * *
You die...

## ########### .# #.........# .#
###### #.........#######
.#####....#######.........##.....
.)...)..........@.........+......
.#####....#######.........##.....
.# #....# #.....<..........
.#####....# #..........#.....
...........# #.....)....#####.
...........# ####.#'###.# ###.
...........# #...#.# #.# #...
...........# ##.###.###.###.#[
......(....# #................


There were no monsters in sight!

Vanquished Creatures
  2 orc wizards (D:3)
  Ijyb (D:3)
  Jessica (D:2)
  6 adders
  A worm (D:3)
  2 giant geckos (D:2)
  6 orcs
  A giant cockroach (D:1)
  10 goblins
  10 hobgoblins
  2 oozes
  A quokka (D:3)
  A ball python (D:1)
  5 bats
  2 giant newts (D:1)
  8 jackals
  8 kobolds
  6 rats
73 creatures vanquished.

Notes
Turn   | Place    | Note
--------------------------------------------------------------
     0 | D:1      | obsidien, the Demonspawn Fighter, began the quest for the Orb.
     0 | D:1      | Reached XP level 1. HP: 18/18 MP: 0/0
   740 | D:1      | Gained mutation: When hurt, damage is shared between your health and your magic reserves. [demonic ancestry]
   740 | D:1      | Reached XP level 2. HP: 17/24 MP: 1/1
  1479 | D:2      | Reached skill level 1 in Dodging
  1510 | D:2      | Reached XP level 3. HP: 22/30 MP: 2/2
  1981 | D:2      | Noticed Jessica
  1997 | D:2      | Killed Jessica
  1997 | D:2      | Reached skill level 1 in Throwing
  2966 | D:2      | Gained mutation: You have a pair of small horns on your head. [demonic ancestry]
  2966 | D:2      | Reached XP level 4. HP: 33/36 MP: 3/3
  3825 | D:3      | Gained mutation: You are very good at protecting items from fire. [demonic ancestry]
  3825 | D:3      | Reached XP level 5. HP: 29/42 MP: 2/4
  4266 | D:3      | Noticed Ijyb
  4303 | D:3      | Killed Ijyb
  4777 | D:3      | Noticed Sigmund
  4920 | D:3      | HP: 2/42 [poisoned by Sigmund]
  4925 | D:3      | Succumbed to Sigmund's poison

Action                   |  1- 3 |  4- 6 || total
-------------------------+-------+-------++-------
Melee: Falchion          |   129 |       ||   129
       Scimitar          |     4 |   118 ||   122
Throw: Dart              |    45 |    34 ||    79
       Dagger            |       |     4 ||     4
       Stone             |       |     1 ||     1
  Use: Scroll            |     8 |     3 ||    11
       Potion            |     1 |     2 ||     3
